 Dungeon Crawl Stone Soup version 0.29.0-10-g45618ea6d2 (webtiles) character file.

Game seed: 838213079456166585

30 Persephone the Chopper (level 3, -3/33 HPs)
             Began as a Hill Orc Monk on Sept 1, 2022.
             Slain by Ijyb
             ... wielding a +6 club
              (8 damage)
             ... on level 3 of the Dungeon on Sept 2, 2022.
             The game lasted 00:03:22 (1813 turns).

Persephone the Chopper (Hill Orc Monk)              Turns: 1813, Time: 00:03:23

Health: -3/33      AC:  7    Str: 15    XL:     3   Next: 20%
Magic:  3/3        EV: 10    Int: 16    God:
Gold:   93         SH:  0    Dex: 13    Spells: 2/2 levels left

rFire   . . .      SeeInvis .   a - +0 hand axe
rCold   . . .      Faith    .   (no shield)
rNeg    . . .      Spirit   .   m - +1 scale mail
rPois   .          Reflect  .   (no helmet)
rElec   .          Harm     .   (no cloak)
rCorr   .          Rampage  .   (no gloves)
Will    .....                   (no boots)
Stlth   +.........              (no amulet)
HPRegen 0.11/turn               o - +6 ring of intelligence
MPRegen 0.08/turn               (no ring)

@: no status effects
A: no striking features
a: no special abilities


You were on level 3 of the Dungeon.
You visited 1 branch of the dungeon, and saw 3 of its levels.

You collected 93 gold pieces.

Inventory:

Hand Weapons
 a - a +0 hand axe (weapon)
Armour
 b - a +0 robe
 k - a +0 leather armour
 m - a +1 scale mail (worn)
Jewellery
 o - a +6 ring of intelligence (left hand)
Scrolls
 d - 2 scrolls of identify {unknown}
 e - a scroll of torment
 h - a scroll of teleportation
 j - 2 scrolls of amnesia
 l - a scroll of blinking
Potions
 c - a potion of ambrosia
 f - 2 potions of mutation {unknown}
 g - a potion of haste {unknown}
 i - a potion of curing {unknown}
 n - a potion of heal wounds {unknown}


   Skills:
 + Level 4.0 Fighting
 + Level 4.4 Axes
 + Level 2.7 Dodging
 + Level 2.1 Stealth


You had 2 spell levels left.
You didn't know any spells.
Your spell library was empty.

Dungeon Overview and Level Annotations

Branches:
Dungeon (3/15)

Altars:

Shops:
D:2 *

Annotations:
D:3 Ijyb


Message History

You closely miss Ijyb.
Ijyb drinks a potion.
Ijyb flickers and vanishes!
Deactivating autopickup; reactivate with Ctrl-A.
The jackal misses you.
You hear a zap.
Your mind is blasted!
The jackal barely misses you.
You slash the jackal!
You kill the jackal!
You completely miss something. Something hits you.
No target in view!
No target in view!
No target in view!
No target in view!
No target in view!
No target in view!
No target in view!
No target in view!
No target in view!
No target in view!
No target in view!
No target in view!
No target in view!
No target in view!
No target in view!
No target in view!
No target in view!
You closely miss something. Something hits you.
You closely miss something.
You hear a zap.
Something tries to affect you, but you resist.
You miss something.
A jackal comes into view.
Something hits you but does no damage.
You closely miss something. Something hits you.
You closely miss something. You barely miss the jackal.
The jackal closely misses you. Something hits you.
The jackal closely misses you.
You barely miss something. You closely miss the jackal. Something hits you!
* * * LOW HITPOINT WARNING * * *
The jackal barely misses you. Something hits you!
You die...

... ... ... #.# #.#
####### #.# #.....#
#.##.#######.....#
#.h@............#
#.#.{#######.....####
#.... ###.........
#.#.... #........###
#.#....## #.###..#.##
#####.## #.# #.....#
#.# #.# ##.#..# #.#
#.# #.#..##
#.####......


You could see a jackal.

Vanquished Creatures
  2 ball pythons (D:1)
  5 endoplasms
  A giant cockroach (D:1)
  2 goblins (D:1)
  5 hobgoblins
  A jackal (D:3)
  A kobold (D:1)
  A quokka (D:1)
  2 bats (D:1)
  2 frilled lizards
  4 rats
26 creatures vanquished.

Notes
Turn   | Place    | Note
-------+----------+-------------------------------------------
     0 | D:1      | Persephone the Hill Orc Monk began the quest for the Orb.
     0 | D:1      | Reached XP level 1. HP: 19/19 MP: 1/1
   211 | D:1      | Reached XP level 2. HP: 27/27 MP: 2/2
   828 | D:1      | Found a faded altar of an unknown god.
  1155 | D:2      | Reached XP level 3. HP: 23/33 MP: 3/3
  1329 | D:2      | Found Cate Boc's General Store.
  1803 | D:3      | Noticed Ijyb
  1813 | D:3      | Slain by Ijyb

Illustrated notes

Levels and vault maps discovered:
D:1:      dpeg_arrival_simpleton_a, layout_basic,
          chequers_ecumenical_altar_island
D:2:      layout_rooms, serial_shops, shop
D:3:      layout_loops_corners, amcnicky_altar_gilded, serial_park_tiny_2,
          minivault_23, uniq_ijyb

Skill      XL: |  1  2 |
---------------+-------+-----
Fighting       | 4 |  4.0
Stealth        | 2 |  2.1
Axes           | |  4.4
Dodging        | |  2.7

Action                   || total
-------------------------++-------
Melee: Hand axe          ||    91
       Punch             ||     2
  Use: Scroll            ||     6
 Stab: Sleeping          ||     1
Armor: Robe              ||     8
       Scale mail        ||     9
Dodge: Dodged            ||    53
